 Dungeon Crawl Stone Soup version 0.26.0-10-g1f06aea511 (webtiles) character file.

Game seed: 15832515077319296652

37 inc the Ducker (level 3, 17/17 HPs)
             Began as a Felid Chaos Knight on Jan 31, 2021.
             Was a Plaything of Xom.
             Quit the game on level 4 of the Dungeon.
             The game lasted 00:02:15 (2866 turns).

inc the Ducker (Felid Chaos Knight)                 Turns: 2866, Time: 00:02:16

Health: 17/17      AC:  3    Str:  8    XL:     3   Next: 21%
Magic:  4/4        EV: 22    Int: 13    God:    Xom [.*....]
Gold:   151        SH:  0    Dex: 16    Spells: 2/2 levels left
                                        Lives:  0   Deaths: 1

rFire    . . .     SeeInvis +     - Unarmed
rCold    . . .     Faith    .   (shield unavailable)
rNeg     . . .     Spirit   .   (armour unavailable)
rPois    .         Reflect  .   (helmet unavailable)
rElec    .         Harm     .   (cloak unavailable)
rCorr    .         Rampage  .   (gloves unavailable)
Will     .....                  (boots unavailable)
Stlth    ++........             (no amulet)
HPRegen  0.05/turn              (no ring)
MPRegen  0.09/turn              (no ring)

@: quick
A: very small, no armour, no weapons or thrown items, stealth, claws 1, fangs 3,
icy blue scales 1, see invisible, speed 1, shaggy fur 1, sharp paws
a: Renounce Religion


You were on level 4 of the Dungeon.
You worshipped Xom.
You were a plaything of Xom.
You visited 1 branch of the dungeon, and saw 4 of its levels.

You collected 151 gold pieces.

Inventory:

Jewellery
 k - a +6 ring of strength {unknown}
Scrolls
 a - 2 scrolls of fog {unknown}
 c - a scroll of magic mapping {unknown}
 d - 6 scrolls of identify {unknown}
 i - a scroll of teleportation {unknown}
 j - 2 scrolls of remove curse {unknown}
 l - 3 scrolls of immolation {unknown}
 m - a scroll of amnesia {unknown}
 n - a scroll of fear {unknown}
Potions
 b - a potion of cancellation {unknown}
 e - a potion of curing {unknown}
 f - a potion of invisibility {unknown}
 g - a potion of resistance {unknown}
 h - 2 potions of degeneration {unknown}
 o - a potion of haste {unknown}


   Skills:
 - Level 3.0 Fighting
 + Level 6.2 Dodging
 + Level 3.1 Unarmed Combat


You had 2 spell levels left.
You didn't know any spells.
Your spell library was empty.

Dungeon Overview and Level Annotations

Branches:
Dungeon (4/15)             Temple (0/1) D:4

Altars:
Ashenzari
Gozag
Nemelex Xobeh
Sif Muna


Innate Abilities, Weirdness & Mutations

You cannot wear armour.
You are incapable of wielding weapons or throwing items.
Your paws allow you to move quietly. (Stealth)
You have sharp claws.
You have razor-sharp teeth.
You have supernaturally acute eyesight. (SInv)
You cover ground quickly.
You are covered in fur. (AC +1)
Your sharp claws are effective at attacking unaware monsters.
You are partially covered in icy blue scales. (AC +2)


Message History

The iguana bites you!
You scratch the iguana but do no damage.
The iguana is lightly wounded.
The iguana closely misses you.
You barely miss the iguana.
The iguana is lightly wounded.
The iguana misses you.
You closely miss the iguana.
The iguana is lightly wounded.
The iguana barely misses you.
You scratch the iguana.
The iguana is moderately wounded.
The iguana bites you!
Ouch! That really hurt!
You die...
You are now level 3!
Xom thinks this is hilarious!
You rejoin the land of the living...
Unknown command.
Are you sure you want to abandon this character and quit the game? (Confirm with "yes".)

##.........
#..........
#..........
#..........
#..........
###.........#
..#.........#
#......@...#
##.......###
#.....###
#...## ##.#
#. #


There were no monsters in sight!

Vanquished Creatures
  3 adders
  An ooze (D:2)
  3 worms (D:2)
  2 leopard geckos (D:2)
  3 orcs
  3 giant cockroaches
  4 goblins
  6 hobgoblins
  3 kobolds
  4 bats
  5 rats
37 creatures vanquished.

Notes
Turn   | Place    | Note
-------+----------+-------------------------------------------
     0 | D:1      | inc the Felid Chaos Knight began the quest for the Orb.
     0 | D:1      | Reached XP level 1. HP: 10/10 MP: 2/2
   172 | D:1      | XOM: divination: detect creatures
   379 | D:1      | Found a broken altar of Ashenzari.
   614 | D:1      | Reached skill level 4 in Dodging
   664 | D:2      | Reached XP level 2. HP: 14/14 MP: 3/3
   684 | D:2      | Found a sparkling altar of Nemelex Xobeh.
   854 | D:1      | XOM: silly message
   878 | D:2      | XOM: silly message
   900 | D:2      | XOM: divination: detect creatures
  1141 | D:2      | Found a shimmering blue altar of Sif Muna.
  1154 | D:2      | Reached skill level 5 in Dodging
  1234 | D:2      | Reached XP level 3. HP: 5/17 MP: 4/4
  1494 | D:2      | Found an opulent altar of Gozag.
  1527 | D:2      | XOM: divination: detect items
  1553 | D:2      | XOM: divination: magic mapping
  1613 | D:2      | XOM is BORED!
  1613 | D:2      | XOM: give mutation
  1613 | D:2      | Gained mutation: You are partially covered in icy blue
                  | scales. (AC +2) [Xom's mischief]
  2132 | D:2      | Reached skill level 6 in Dodging
  2417 | D:3      | Reached XP level 4. HP: 10/21 MP: 5/5
  2802 | D:4      | Found a staircase to the Ecumenical Temple.
  2865 | D:4      | Slain by an iguana
  2866 | D:4      | Reached XP level 3. HP: -2/17 MP: 4/4
  2866 | D:4      | Quit the game

Illustrated notes

Levels and vault maps discovered:
D:1:      heliophobic_arrival_ceremonial_halls, layout_loops_ring,
          amcnicky_mini_rare_corridor_liquid, evilmike_ruin_ashenzari
D:2:      layout_basic, grunt_temple_overflow_open,
          nicolae_gozag_cash_rules_everything_around_me
D:3:      layout_rooms, chequers_ecumenical_altar_simple, minivault_26
D:4:      layout_cave_pods, minmay_temple_entry_mini_moons

Skill      XL: |  1  2  3 |
---------------+----------+-----
Dodging        | 4 5 6 |  6.2
Fighting       | |  3.0
Unarmed Combat | |  3.1

Action                   |  1- 3 |  4- 6 || total
-------------------------+-------+-------++-------
Melee: Unarmed           |   101 |    28 ||   129
       Bite              |    12 |     4 ||    16
 Stab: Sleeping          |     6 |       ||     6
       Distracted        |     1 |       ||     1
Armor: Skin              |     8 |     2 ||    10
Dodge: Dodged            |    63 |    26 ||    89
